AoeStats
← Godlys

Arena

509302190Analyzed
4v4 RM · 7d ago on Sep 26, 2026· 53m 27s· 8 players
Game mode
Random Map
Map size
Large (8 player)
Population
200
Speed
Normal
Resources
Standard
Victory
Conquest
Starting age
Dark Age
Ending age
Imperial Age
RankedLock teamsTeams togetherTeam positionsShared explorationLock speedFull tech treeHidden civsTurbo modeCheats
Victory
Defeat
🇨🇳 Danes · China
1030
+16
🇩🇪 Vikings · Germany
1029
+16
🇨🇳 Spanish · China
1028
+16
🇨🇭 Saxons · Switzerland
1009
+17
🇭🇰 Vietnamese · Hong Kong SAR China
1076
-19
🇭🇰 Japanese · Hong Kong SAR China
1017
-16
🇳🇴 Celts · Norway
1001
-42
🇺🇸 Italians · United States
998
-15
Socrates_Johnson
10:05 Feudal Age
10:54 Loom
14:39 Castle Age
13:09 Fletching
13:13 Double-Bit Axe
13:23 Horse Collar
19:33 Bow Saw
22:01 Heavy Plow
22:10 Fletching
22:59 Elite Skirmisher
24:33 Bodkin Arrow
25:15 Padded Archer Armor
26:42 Wheelbarrow
27:41 Fortified Wall
28:48 Hand Cart
29:06 Ballistics
28:48 Gold Mining
32:58 Imperial Age
31:15 Thumb Ring
31:04 Man-at-Arms
32:38 Leather Archer Armor
32:35 Scale Barding Armor
32:42 Forging
32:15 Long Swordsman
32:58 Scale Mail Armor
33:58 Silk Road
34:48 Chemistry
34:22 Conscription
33:29 Imperial Skirmisher
34:08 Stone Mining
35:41 Ring Archer Armor
35:12 Bracer
35:51 Iron Casting
35:19 Murder Holes
35:05 Treadmill Crane
35:37 Masonry
36:47 Two-Man Saw
38:48 Chain Mail Armor
40:13 Crop Rotation
40:15 Architecture
42:35 Murder Holes
46:50 Light Cavalry
47:31 Husbandry
49:07 Bloodlines
51:17 Chain Barding Armor
54:31 Plate Barding Armor
idle villager
11:56 Feudal Age
15:59 Castle Age
13:59 Double-Bit Axe
14:55 Horse Collar
17:33 Bow Saw
17:24 Heavy Plow
22:01 Wheelbarrow
23:13 Gold Mining
24:18 Stone Mining
25:05 Gold Shaft Mining
26:36 Loom
30:50 Imperial Age
28:24 Scale Mail Armor
28:34 Forging
30:02 Chain Mail Armor
30:06 Squires
31:48 Iron Casting
30:48 Pikeman
31:14 Arson
32:51 Two-Man Saw
32:16 Conscription
32:02 Elite Samurai
34:43 Plate Mail Armor
35:14 Blast Furnace
34:00 Treadmill Crane
34:25 Siege Engineers
35:41 Kataparuto
36:00 Devotion
38:34 Halberdier
40:15 Murder Holes
40:30 Masonry
42:14 Hoardings
43:14 Faith
42:37 Man-at-Arms
43:02 Gambesons
44:55 Caravan
44:52 Long Swordsman
45:07 Capped Ram
48:36 Two-Handed Swordsman
50:56 Padded Archer Armor
50:47 Fletching
Godlys
9:56 Feudal Age
9:55 Loom
14:04 Castle Age
12:11 Double-Bit Axe
12:27 Horse Collar
14:44 Heavy Plow
28:58 Wheelbarrow
31:24 Imperial Age
30:24 Hand Cart
31:26 Capped Ram
31:28 Heavy Scorpion
32:16 Siege Engineers
33:12 Chemistry
32:10 Siege Ram
37:54 Furor Celtica
44:37 Onager
46:15 Siege Onager
50:29 Forging
50:19 Scale Mail Armor
50:30 Forging
50:20 Scale Mail Armor
香江七百萬大才子
4:48 Loom
11:19 Feudal Age
16:43 Castle Age
14:56 Gold Mining
15:43 Stone Mining
38:49 Double-Bit Axe
47:32 Crossbowman
Repl4y
10:12 Feudal Age
16:16 Castle Age
15:00 Double-Bit Axe
14:57 Horse Collar
17:10 Bow Saw
17:12 Heavy Plow
20:56 Town Watch
21:57 Wheelbarrow
28:37 Imperial Age
26:22 Hand Cart
26:04 Stone Mining
26:04 Gold Mining
26:40 Loom
27:12 Masonry
27:06 Scale Mail Armor
27:17 Forging
28:49 Chain Mail Armor
28:25 Fletching
29:01 Sanctity
29:30 Redemption
30:02 Gold Shaft Mining
30:52 Chemistry
30:13 Ballistics
30:03 Fortified Wall
30:26 Architecture
30:42 Block Printing
30:51 Squires
30:37 Gambesons
31:45 Plate Mail Armor
32:14 Iron Casting
32:16 Illumination
32:29 Theocracy
31:51 Elite Varangian Guard
33:16 Fortified Wall
33:12 Arson
33:52 Siege Engineers
33:28 Treadmill Crane
33:44 Murder Holes
34:26 Conscription
33:30 Elite Hearth Troop
34:55 Bodkin Arrow
35:02 Padded Archer Armor
36:08 Shield Wall
36:10 Clerical Recruitment
37:49 Bracer
38:05 Leather Archer Armor
40:13 Hoardings
41:52 Ring Archer Armor
42:05 Arrowslits
42:12 Guard Tower
42:09 Arrowslits
44:28 Keep
50:04 Capped Ram
yigjiajsdihna
10:26 Feudal Age
11:01 Horse Collar
11:08 Double-Bit Axe
12:02 Wheelbarrow
17:20 Castle Age
18:18 Hand Cart
18:14 Bow Saw
18:06 Heavy Plow
22:52 Stone Mining
23:36 Gold Mining
25:23 Stone Shaft Mining
25:37 Gold Shaft Mining
31:44 Imperial Age
30:07 Scale Mail Armor
30:17 Forging
29:31 Hamask
30:12 Squires
29:58 Arson
31:15 Chain Mail Armor
32:17 Iron Casting
33:23 Plate Mail Armor
33:15 Conscription
32:17 Elite Jomsviking
34:48 Blast Furnace
41:47 Onager
42:52 Northmen's Fury
44:18 Siege Engineers
45:18 Chemistry
46:27 Siege Onager
K_o_n_d_o_m
1:19 Loom
11:07 Feudal Age
11:57 Horse Collar
12:05 Double-Bit Axe
17:44 Castle Age
17:16 Forging
17:07 Scale Mail Armor
17:40 Gold Mining
18:39 Squires
18:25 Arson
21:29 Gold Shaft Mining
22:05 Chain Mail Armor
25:09 Iron Casting
25:48 Heavy Plow
28:08 Fortified Wall
35:12 Imperial Age
35:42 Chieftains
35:36 Elite Varangian Guard
36:53 Plate Mail Armor
37:40 Blast Furnace
37:08 Conscription
39:30 Crop Rotation
40:09 Crossbowman
48:52 Pikeman
雷欧
10:24 Feudal Age
11:53 Loom
14:39 Castle Age
12:39 Double-Bit Axe
12:56 Horse Collar
24:02 Fletching
24:12 Padded Archer Armor
29:51 Gold Mining
30:05 Heavy Plow
30:24 Bow Saw
33:10 Stone Mining
33:58 Wheelbarrow
33:17 Loom
36:38 Imperial Age
35:04 Bodkin Arrow
38:03 Ballistics
38:43 Chemistry
37:54 Masonry
38:11 Conscription
39:53 Conscription
44:31 Hand Cart
47:01 Two-Man Saw
45:50 Town Watch
49:17 Chemistry
48:28 Masonry
49:58 Caravan
Connection lost

Rejoining the realm…

Still unreachable

The connection could not be restored.

Session expired

The server has moved on; the page needs a fresh start.